 Dungeon Crawl Stone Soup version 0.19-a0-1170-g18f0c96 (webtiles) character file.

496 HaroldButt the Spear-Bearer (level 7, -2/50 HPs)
             Began as a Merfolk Gladiator on Aug 16, 2016.
             Slain by Duffy's ghost (5 damage)
             ... on level 3 of the Dungeon.
             The game lasted 00:09:31 (2388 turns).

HaroldButt the Spear-Bearer (Merfolk Gladiator)     Turns: 2388, Time: 00:09:32

Health: -2/50      AC:  9    Str: 20    XL:     7   Next: 15%
Magic:  7/7        EV:  9    Int:  8    God:
Gold:   111        SH:  2    Dex: 14    Spells: 0 memorised, 6 levels left

rFire  . . .     SeeInvis .     a - +0 trident
rCold  . . .     Gourm    .     b - +0 chain mail
rNeg   . . .     Faith    .     (no shield)
rPois  .         Spirit   .     c - +0 helmet
rElec  .         Dismiss  .     (no cloak)
rCorr  .         Reflect  +     (no gloves)
MR     .....     Harm     .     (no boots)
Stlth  ..........               g - +2 amulet of reflection
                                l - +3 ring of strength
                                h - ring of stealth

@: no status effects
A: change form in water, swift swim
a: no special abilities


You were on level 3 of the Dungeon.
You were not hungry.

You visited 1 branch of the dungeon, and saw 4 of its levels.

You collected 111 gold pieces.


   Skills:
 - Level 2.1 Fighting
 + Level 11.1 Polearms
 - Level 2.0 Throwing
 - Level 4.0 Dodging


You had 6 spell levels left.
You didn't know any spells.

Inventory:

Hand Weapons
 a - a +0 trident (weapon)
Missiles
 d - 4 throwing nets {=f}
Armour
 b - a +0 chain mail (worn)
 c - a +0 helmet (worn)
 e - a +0 leather armour of magic resistance
Jewellery
 g - a +2 amulet of reflection (around neck)
 h - a ring of stealth (left hand)
 l - a +3 ring of strength (right hand)
 q - an uncursed ring of fire {unknown}
Wands
 n - a wand of paralysis (22/24)
 p - a wand of flame (23/48)
Scrolls
 j - 2 scrolls of fog
 m - a scroll of blinking
 t - a scroll of remove curse
Potions
 k - a potion of invisibility
 o - 2 potions of ambrosia
 s - a potion of flight {unknown}
Comestibles
 f - 5 bread rations
 i - 2 meat rations
 r - a chunk of flesh

Dungeon Overview and Level Annotations

Branches:
Dungeon (4/15)
 Temple: D:4-7

Altars:
Pakellas
Ru

Shops:
D:4 [

Annotations:
D:3 Duffy's ghost, novice OgGl
D:4 Edmund

▒▒▒▒....▒▒▒▒▒▒▒▒
..▒▒....▒▒......
▒.▒▒....▒▒......
▒.▒▒....▒▒......
▒>▒▒....▒▒......
▒.▒▒....▒▒...... ▒▒▒▒▒▒+▒▒
▒▒▒.▒▒....▒▒......
▒.......▒▒▒▒▒▒..........'[.....
▒.......'.....m▒.▒▒▒▒▒▒▒▒......
▒.......'▒▒▒▒▒W▒.▒ ▒......
▒▒▒..........▒ ▒.▒.▒ ▒......
.............▒
▒.▒.▒▒▒▒▒▒▒▒......
.▒▒...▒......▒
▒>............▒▒▒▒
.▒....+.▒▒+▒▒▒ ▒.▒)▒...▒▒▒▒▒..▒
.▒....▒.▒▒.▒ ▒.▒.▒...▒ ▒▒.▒▒
.▒.........▒ ▒.▒.▒...▒ ▒..▒
.▒....▒.▒▒▒▒ ▒.▒.▒[..▒▒▒▒▒▒▒.▒


You could see Duffy's ghost.


Message History

Press: ? - help, Dir - move target cursor, f - Duffy's ghost
Aim: Duffy's ghost, wielding a vorpal weapon You reach to attack!
You hit Duffy's ghost.
Duffy's ghost is lightly damaged.
You hit Duffy's ghost.
Duffy's ghost is lightly damaged.
Duffy's ghost hits you!
You hit Duffy's ghost but do no damage.
Duffy's ghost is lightly damaged.
Your chain mail prevents you from hitting Duffy's ghost.
Duffy's ghost is lightly damaged.
Duffy's ghost hits you!
* * * LOW HITPOINT WARNING * * *
* * * LOW HITPOINT WARNING * * *
Items here: )) [[[ a leather armour a club a leather armour a hand axe a leather armour Duffy's ghost yells, "Who would have thought, even in death it is a pleasure to sever!"
Duffy's ghost hits you!
* * * LOW HITPOINT WARNING * * *
* * * LOW HITPOINT WARNING * * *
There is a stone staircase leading up here.
You can't go down here!
Duffy's ghost hits you!
* * * LOW HITPOINT WARNING * * *
You die...

Action                   |  1- 3 |  4- 6 |  7- 9 || total
-------------------------+-------+-------+-------++-------
Melee: Trident           |   104 |   111 |    45 ||   260
  Use: Scroll            |     5 |     2 |       ||     7
       Potion            |       |     2 |       ||     2
 Stab: Sleeping          |     1 |     2 |       ||     3
       Invisible         |       |     1 |       ||     1
  Eat: Beef jerky        |     1 |       |       ||     1
       Pizza             |       |     1 |       ||     1
       Chunk             |       |       |     2 ||     2
Armor: Leather armour    |    24 |    13 |       ||    37
       Chain mail        |       |     7 |     9 ||    16
Dodge: Dodged            |    33 |    37 |     8 ||    78
Block: Other             |     2 |     3 |     1 ||     6

Vault maps used:
D:1:      onia_arrival_handbag
D:2:      nicolae_overflow_crystal_walls, first_bread
D:3:      grunt_temple_overflow_lords_of_destruction,
          nicolae_ru_great_annihilating_truth, overflow_temple_1_default,
          cheibriados_altar_1, uniq_robin, uniq_grinder
D:4:      serial_shops, shop_fountains, uniq_edmund, uniq_sigmund

Notes
Turn   | Place    | Note
-------+----------+-------------------------------------------
     0 | D:1      | HaroldButt the Merfolk Gladiator began the quest for the Orb.
     0 | D:1      | Reached XP level 1. HP: 16/16 MP: 1/1
    21 | D:1      | Reached skill level 5 in Polearms
    72 | D:1      | Reached XP level 2. HP: 18/22 MP: 2/2
   382 | D:1      | Reached skill level 6 in Polearms
   382 | D:1      | Reached XP level 3. HP: 23/27 MP: 3/3
   623 | D:2      | Found an oddly glowing altar of Pakellas.
   862 | D:2      | Reached skill level 7 in Polearms
   862 | D:2      | Reached XP level 4. HP: 26/33 MP: 4/4
  1380 | D:3      | Found a sacrificial altar of Ru.
  1417 | D:3      | Reached skill level 8 in Polearms
  1417 | D:3      | Reached XP level 5. HP: 34/38 MP: 5/5
  1514 | D:3      | Noticed Duffy's ghost (novice OgGl)
  1560 | D:4      | Found Usolan's Antique Armour Shoppe.
  1564 | D:4      | Noticed an ogre
  1577 | D:4      | Killed an ogre
  1577 | D:4      | Reached skill level 9 in Polearms
  1758 | D:4      | Reached XP level 6. HP: 25/44 MP: 6/6
  1942 | D:4      | Noticed Edmund
  1976 | D:3      | Noticed Grinder
  1992 | D:3      | Killed Grinder
  1992 | D:3      | Reached skill level 10 in Polearms
  1992 | D:3      | Reached XP level 7. HP: 33/50 MP: 7/7
  2135 | D:3      | Reached skill level 11 in Polearms
  2388 | D:3      | HP: 3/50 [Duffy's ghost (14)]
  2388 | D:3      | Slain by Duffy's ghost

Vanquished Creatures
  Grinder (D:3)
  An ogre (D:4)
  An orc priest (D:3)
  A worker ant (D:4)
  6 adders
  3 gnolls (D:3)
  An ooze (D:3)
  3 worms (D:2)
  2 giant geckos
  6 orcs (D:3)
  A ball python (D:3)
  8 bats
  2 giant cockroaches (D:3)
  4 goblins
  6 hobgoblins
  7 jackals
  A quokka (D:2)
  5 giant newts
  4 kobolds
  8 rats
71 creatures vanquished.
